 Dungeon Crawl Stone Soup version 0.31-a0-859-g9dce7d3444 (webtiles) character file.

Game seed: 17225697997767300903

336 javelincjr the Conjurer (level 6, -2/36 HPs)
             Began as an Octopode Conjurer on Oct 9, 2023.
             Slain by a gnoll
             ... wielding a +0 spear
             ... led by a gnoll bouda
              (7 damage)
             ... on level 4 of the Dungeon.
             The game lasted 00:11:04 (4076 turns).

javelincjr the Conjurer (Octopode Conjurer)         Turns: 4076, Time: 00:11:05

Health: -2/36      AC:  5    Str:  6    XL:     6   Next: 54%
Magic:  0/11       EV: 13    Int: 22    God:
Gold:   266        SH:  0    Dex: 11    Spells: 9/12 levels left

rFire   . . .        (no weapon)
rCold   + . .        (no shield)
rNeg    . . .        (helmet restricted)
rPois   .            (no amulet)
rElec   .            e - +4 ring of protection
rCorr   .            r - ring of ice
SInv    .            v - ring of protection from fire
Will    .....        (no ring)
Stlth   +++          (no ring)
HPRegen 0.26/turn    (no ring)
MPRegen 0.12/turn    (no ring)
                     (no ring)

%: no passive effects
@: no status effects
A: almost no armour, amphibious, 8 rings, camouflage 1, gelatinous body 1,
(nimble swimmer 1), tentacles
a: no special abilities


You were on level 4 of the Dungeon.
You visited 1 branch of the dungeon, and saw 5 of its levels.

You collected 266 gold pieces.

Inventory:

Magical Staves
 l - a staff of air
 m - a staff of poison
Jewellery
 e - a +4 ring of protection (left tentacle)
 r - a ring of ice (right tentacle)
 v - a ring of protection from fire (on tentacle)
Scrolls
 d - a scroll of teleportation {unknown}
 h - 4 scrolls of identify {unknown}
 i - a scroll of noise {unknown}
 k - a scroll of silence {unknown}
 o - a scroll of vulnerability {unknown}
 p - a scroll of fog {unknown}
 q - a scroll of amnesia {unknown}
 s - a scroll of fear {unknown}
Potions
 a - a potion of magic
 b - 2 potions of attraction {unknown}
 c - 2 potions of curing {unknown}
 f - a potion of brilliance {unknown}
 g - a potion of mutation {unknown}
 j - a potion of enlightenment {unknown}
 n - 2 potions of invisibility {unknown}
 t - a potion of might {unknown}
 u - a potion of haste {unknown}


   Skills:
 + Level 3.2 Dodging
 + Level 4.4 Stealth
 * Level 3.9 Spellcasting
 * Level 5.4 Conjurations


You had 9 spell levels left.
You knew the following spells:

 Your Spells              Type           Power      Damage    Failure   Level
a - Magic Dart            Conj           100%       1d8       1%          1
b - Searing Ray           Conj           56%        2d6       1%          2

Your spell library contained the following spells:

 Spells                   Type           Power      Damage    Failure   Level
 Dazzling Flash           Conj/Hex       32%        N/A       11%         3
 Tukima's Dance           Hex            4%         N/A       34%         3
 Fulminant Prism          Conj/Hex       8%         3d7       36%         4
 Iskenderun's Mystic Bla  Conj/Tloc      16%        2d5       36%         4
 Passage of Golubria      Tloc           4%         N/A       75%         4
 Yara's Violent Unravell  Hex/Tmut       2%         3d3       97%         5


Dungeon Overview and Level Annotations

Branches:
Dungeon (5/15)             Temple (0/1) D:4

Altars:

Annotations:
D:4 Eustachio


Innate Abilities, Weirdness & Mutations

You cannot wear most types of armour.
You are amphibious.
You can wear up to eight rings at the same time.
Your skin changes colour to match your surroundings (Stealth+).
Your rubbery body absorbs attacks. (AC +1, EV +1)
((You are camouflaged when in or above water. (Stealth+)))
You have tentacles for arms and can constrict up to eight enemies at once.


Message History

You squeeze the gnoll bouda.
You kill the gnoll bouda!
The gnoll misses you. The gnoll misses you.
The gnoll attacks as it pursues you! The gnoll closely misses you.
The gnoll attacks as it pursues you! The gnoll misses you.
The gnoll barely misses you. The gnoll attacks as it pursues you!
The gnoll hits you from afar with a +0 spear!
The gnoll is no longer moving quickly.
Casting: Magic Dart (safe; 1% risk of failure)
Confirm with . or Enter, or press ? or * to list all spells.
Aiming: Magic Dart (safe; 1% risk of failure)
Press: ? - help, Shift-Dir - straight line, f - gnoll
Aim: a gnoll, wielding a +0 spear (100% to hit)
The magic dart hits the gnoll but does no damage.
Casting: Magic Dart (safe; 1% risk of failure)
Confirm with . or Enter, or press ? or * to list all spells.
Aiming: Magic Dart (safe; 1% risk of failure)
Press: ? - help, Shift-Dir - straight line, f/p - gnoll
Aim: a gnoll, wielding a +0 spear (100% to hit)
The magic dart hits the gnoll.
The gnoll is lightly wounded.
The gnoll hits you from afar with a +0 spear.
The gnoll hits you with a +0 spear!
* * * LOW HITPOINT WARNING * * *
You tentacle-slap the gnoll but do no damage.
You grab the gnoll. Your squeeze misses the gnoll.
The gnoll is lightly wounded.
You constrict the gnoll, but do no damage.
The gnoll hits you with a +0 spear.
* * * LOW HITPOINT WARNING * * *
You tentacle-slap the gnoll but do no damage.
Your squeeze misses the gnoll.
The gnoll is lightly wounded.
You constrict the gnoll. The gnoll closely misses you.
You tentacle-slap the gnoll but do no damage.
The gnoll is moderately wounded.
You constrict the gnoll. The gnoll hits you with a +0 spear!
You die...

#....................##.# #
........#.........#....##.. ..
##................######..# ...
#..##.....).......# #..##
...... ##..##.........# ##..#
..... #....#.........# ##...##
......##.##.#.........# #.....#
.....)).......g#...#### #.....#
............##@###....# #.....#
............##.######.###.>...#
............##..# ###.........#
....###########.# #...........#
#### #.# #.#####.....# #.###.#
#.....# #.....# #.....# ####..#
#.....# #### #######


You could see a gnoll.

Vanquished Creatures
  An orc priest (D:2)
  A gnoll bouda (D:4)
  An iguana (D:5)
  Natasha (thrice) (D:2)
  6 adders
  2 gnolls
  A shadow imp (D:5)
  2 worms
  3 dart slugs
  9 orcs
  4 endoplasms
  3 giant cockroaches
  10 goblins
  5 hobgoblins
  4 quokkas
  5 ball pythons
  3 bats
  8 frilled lizards
  6 kobolds
  9 rats
86 creatures vanquished.

Notes
Turn   | Place    | Note
-------+----------+-------------------------------------------
     0 | D:1      | javelincjr the Octopode Conjurer began the quest for the
                  | Orb.
     0 | D:1      | Reached XP level 1. HP: 11/11 MP: 3/3
   225 | D:1      | Reached XP level 2. HP: 17/17 MP: 1/5
  1041 | D:1      | Reached XP level 3. HP: 21/21 MP: 4/6
  1275 | D:2      | Reached XP level 4. HP: 20/27 MP: 3/8
  1711 | D:2      | Noticed Natasha
  1722 | D:2      | Killed Natasha
  1723 | D:2      | Reached XP level 5. HP: 26/31 MP: 3/9
  1857 | D:2      | Noticed Natasha
  1861 | D:2      | Killed Natasha
  1861 | D:2      | Noticed Natasha
  1862 | D:2      | Reached skill level 5 in Conjurations
  1866 | D:2      | Killed Natasha
  2794 | D:3      | Reached XP level 6. HP: 36/36 MP: 7/11
  3163 | D:3      | You fall into a shaft and drop 2 floors!
  3163 | D:5      | Entered Level 5 of the Dungeon
  3613 | D:4      | Learned a level 2 spell: Searing Ray
  3625 | D:4      | Noticed Eustachio
  3855 | D:4      | Found a staircase to the Ecumenical Temple.
  4076 | D:4      | Slain by a gnoll

Illustrated notes

Levels and vault maps discovered:
D:1:      giann_wishing_wells, layout_basic, hangedman_decor_points,
          glass_columns_a
D:2:      layout_rooms, st_stairs_9, uniq_natasha
D:3:      layout_loops_ring
D:4:      layout_rooms, temple_hall, uniq_eustachio
D:5:      layout_basic, serial_shops, shop, kennysheep_diamond,
          uniq_prince_ribbit1, uniq_sigmund, uniq_menkaure

Skill      XL: |  1  2  3  4  5 |
---------------+----------------+-----
Stealth        | 3 4 |  4.4
Spellcasting   | 3 |  3.9
Conjurations   | 5 |  5.4
Dodging        | 3 |  3.2

Action                     |  1- 3 |  4- 6 || total
---------------------------+-------+-------++-------
  Melee: Unarmed           |     7 |    34 ||    41
         Constrict         |     2 |     9 ||    11
         Tentacles         |     1 |     9 ||    10
   Cast: Magic Dart        |    54 |   158 ||   212
 Armour: Skin              |     9 |    47 ||    56
  Dodge: Dodged            |    12 |    47 ||    59

Table legend: (Time is in decaauts)
 A = Elapsed time spent in this place.
 B = Non-inter-level travel time spent in this place.
 C = Inter-level travel time spent in this place.
 D = Time resting spent in this place.
 E = Time spent auto-exploring this place.
 F = Levels seen in this place.
 G = Mean time per level.
                   A        B        C        D        E       F      G
               +--------+--------+--------+--------+--------+-----+--------+
         Total |   4076 |   3980 |     96 |    235 |   3131 |   5 |  815.2 |
       Dungeon |   4076 |   3980 |     96 |    235 |   3131 |   5 |  815.2 |
               +--------+--------+--------+--------+--------+-----+--------+

Top non-repeatable levels by time:
     D:1: 1207 daAuts
     D:3: 1089 daAuts
     D:2: 1046 daAuts
     D:4: 413 daAuts
     D:5: 319 daAuts
